 Dungeon Crawl Stone Soup version 0.18.1-50-g88ac8fd (webtiles) character file.

1940 Peloso the Blocker (level 8, -1/71 HPs)
             Began as a Minotaur Fighter on Oct 1, 2016.
             Was a Follower of Okawaru.
             Slain by a killer bee (2 damage)
             ... on level 7 of the Dungeon.
             The game lasted 00:14:14 (5974 turns).

Peloso the Blocker (Minotaur Fighter)               Turns: 5974, Time: 00:14:14

Health: -1/71      AC: 18    Str: 19 (21) XL:     8   Next: 98%
Magic:  0/7        EV:  7    Int:  2 (5)  God:    Okawaru [*.....]
Gold:   325        SH: 11    Dex: 10 (12) Spells: 0 memorised, 7 levels left

rFire  . . .     SeeInvis .     l - -1 whip (curse)
rCold  . . .     Gourm    .     i - +0 chain mail (curse)
rNeg   . . .     Faith    .     c - +0 shield
rPois  .         Spirit   +     (helmet restricted)
rElec  .         Dismiss  .     (no cloak)
rCorr  .         Reflect  .     g - +1 pair of gloves
SustAt .         Harm     .     (no boots)
MR     .....     Rnd*Tele +     d - amulet of guardian spirit
Stlth  ..........               t - +5 ring of protection
                                D - ring of teleportation (curse)

@: exhausted, not resistant to hostile enchantments, extremely unstealthy
A: retaliatory headbutt, horns 2
a: Heroism, Renounce Religion


You were on level 7 of the Dungeon.
You worshipped Okawaru.
Okawaru was aware of your devotion.
You were hungry.

You visited 1 branch of the dungeon, and saw 7 of its levels.

You collected 325 gold pieces.

Inventory:

Hand Weapons
 a - a +1 long sword
 l - a cursed -1 whip (weapon)
 q - the +6 bardiche of Jaiteamp {venom, Int+3, unknown}
   (You acquired it on level 6 of the Dungeon)

   It poisons the flesh of those it strikes.
   It affects your intelligence (+3).
 H - a +0 vampiric rapier
Armour
 c - a +0 shield (worn)
 g - a +1 pair of gloves (worn)
 i - a cursed +0 chain mail (worn)
 r - a cursed +0 chain mail
Jewellery
 d - an amulet of guardian spirit (around neck)
 n - a +5 ring of evasion
 p - an uncursed ring of ice
 t - a +5 ring of protection (right hand)
 x - a +3 ring of strength
 y - an uncursed ring of stealth
 A - an uncursed ring of fire
 D - a cursed ring of teleportation (left hand)
Wands
 B - a wand of iceblast (14/15)
Scrolls
 b - 2 scrolls of fog
 e - 4 scrolls of fear
 k - 2 scrolls of identify
 z - a scroll of enchant weapon
Potions
 h - a potion of cure mutation
 s - 2 potions of haste
 w - a potion of berserk rage
Comestibles
 f - 6 bread rations
 m - 2 meat rations
 o - 2 fruits
 u - a slice of pizza


   Skills:
 + Level 6.6 Fighting
 + Level 6.4 Long Blades
 + Level 1.4 Maces & Flails
 + Level 7.6 Armour
 + Level 4.3 Dodging
 + Level 8.3 Shields


You had 7 spell levels left.
You didn't know any spells.

Dungeon Overview and Level Annotations

Branches:
Dungeon (7/15)
 Temple: D:4-7

Altars:
Cheibriados
Okawaru
Ru
Sif Muna
Trog
Zin

Shops:
D:6 %

Annotations:
D:7 Duvessa; nowai's ghost, novice OpWz


Innate Abilities, Weirdness & Mutations

You reflexively headbutt those who attack you in melee.
You have a pair of horns on your head.


Message History

The killer bee is lightly wounded.
The killer bee barely misses you. You furiously retaliate!
You headbutt the killer bee. You block the killer bee's attack.
You hit the killer bee.
The killer bee is heavily wounded.
The killer bee stings you but does no damage. x2
You closely miss the killer bee.
The killer bee is heavily wounded.
The killer bee stings you.
* * * LOW HITPOINT WARNING * * *
The killer bee stings you.
* * * LOW HITPOINT WARNING * * *
The killer bee stings you but does no damage.
You miss the killer bee.
The killer bee is heavily wounded.
You block the killer bee's attack. x2
You closely miss the killer bee.
The killer bee is heavily wounded.
You block the killer bee's attack. The killer bee stings you.
You die...

#......
#..#..###
#.......
#..#..###
####..#....###
.............
#..........
######.......#
+..@y...........
######.##.######
...# .# ..... ..
###..##... #..#
#### #... .#


You could see a killer bee.

Vanquished Creatures
  Edmund (D:5)
  The ghost of Naarciss the Skirmisher, an amateur HOFi (D:3)
  A sky beast (D:6)
  4 centaurs
  5 ogres
  A giant frog (D:6)
  2 killer bees (D:7)
  Dowan (D:7)
  A scorpion (D:4)
  A crimson imp (D:5)
  A jelly (D:6)
  3 hounds
  4 orc wizards
  A centaur skeleton (D:7)
  An iguana (D:6)
  5 worker ants
  Robin (D:3)
  7 adders
  A shadow imp (D:3)
  An ooze (D:3)
  An adder skeleton (D:4)
  5 worms
  A dart slug (D:1)
  6 giant geckos
  19 orcs
  6 giant cockroaches
  5 hobgoblins
  9 jackals
  A quokka (D:5)
  A ball python (D:2)
  8 bats
  A giant cockroach zombie (D:5)
  A giant gecko skeleton (D:5)
  A giant gecko zombie (D:6)
  8 giant newts
  23 goblins
  9 kobolds
  9 rats
157 creatures vanquished.

Vanquished Creatures (others)
  An orc wizard (D:5)
1 creature vanquished.

Grand Total: 158 creatures vanquished

Notes
Turn   | Place    | Note
--------------------------------------------------------------
     0 | D:1      | Peloso the Minotaur Fighter began the quest for the Orb.
     0 | D:1      | Reached XP level 1. HP: 19/19 MP: 0/0
   378 | D:1      | Reached XP level 2. HP: 25/27 MP: 1/1
  1297 | D:2      | Reached XP level 3. HP: 4/33 MP: 2/2
  1861 | D:2      | Found a sacrificial altar of Ru.
  1988 | D:3      | Reached skill level 4 in Shields
  2010 | D:3      | Reached XP level 4. HP: 41/41 MP: 3/3
  2011 | D:3      | Noticed Naarciss's ghost (amateur HOFi)
  2305 | D:3      | Killed Naarciss's ghost
  2305 | D:3      | Reached skill level 1 in Dodging
  2305 | D:3      | Reached XP level 5. HP: 39/47 MP: 4/4
  2399 | D:3      | Reached skill level 5 in Fighting
  2399 | D:3      | Reached skill level 5 in Armour
  2754 | D:3      | Noticed Robin
  2765 | D:3      | Killed Robin
  3205 | D:4      | Reached XP level 6. HP: 56/56 MP: 5/5
  3391 | D:4      | Reached skill level 5 in Shields
  3410 | D:4      | Reached XP level 7. HP: 19/61 MP: 3/6
  3653 | D:4      | Found a bloodstained altar of Trog.
  3933 | D:4      | Found a deep blue altar of Sif Muna.
  4160 | D:5      | Entered Level 5 of the Dungeon
  4250 | D:5      | Noticed Edmund
  4270 | D:5      | Killed Edmund
  4270 | D:5      | Reached skill level 6 in Shields
  4293 | D:5      | Reached skill level 5 in Long Blades
  4358 | D:5      | Found an iron altar of Okawaru.
  4441 | D:5      | Became a worshipper of Warmaster Okawaru
  4517 | D:5      | Reached XP level 8. HP: 58/70 MP: 7/7
  4992 | D:6      | Reached skill level 7 in Shields
  5094 | D:6      | Found an iron altar of Okawaru.
  5139 | D:6      | Identified a scroll of acquirement
  5142 | D:6      | Got a translucent bardiche
  5231 | D:6      | Found Muunkoku's Food Boutique.
  5318 | D:6      | Reached * piety under Okawaru
  5405 | D:6      | Found a glowing silver altar of Zin.
  5834 | D:7      | Found a snail-covered altar of Cheibriados.
  5913 | D:7      | Reached skill level 8 in Shields
  5918 | D:7      | Noticed Duvessa
  5920 | D:7      | Noticed Dowan
  5923 | D:7      | Killed Dowan
  5933 | D:7      | Reached skill level 1 in Maces & Flails
  5938 | D:7      | Noticed nowai's ghost (novice OpWz)
  5972 | D:7      | HP: 1/71 [killer bee (3)]
  5974 | D:7      | Slain by a killer bee

Skill      XL: |  1  2  3  4  5  6  7  8 |
---------------+-------------------------+-----
Fighting       | 4 5 6 |  6.6
Armour         | 4 5 6 7 |  7.6
Long Blades    | 3 4 5 6 |  6.4
Shields        | 4 5 6 8 |  8.3
Dodging        | 1 2 3 4 |  4.3
Maces & Flails | 1 |  1.4

Action                   |  1- 3 |  4- 6 |  7- 9 || total
-------------------------+-------+-------+-------++-------
Melee: Long sword        |    94 |   128 |   179 ||   401
       Headbutt          |    15 |    23 |    52 ||    90
       Whip              |       |       |   103 ||   103
  Use: Potion            |       |     1 |     2 ||     3
       Scroll            |       |       |    16 ||    16
  Eat: Chunk             |     3 |     5 |     9 ||    17
Armor: Scale mail        |    34 |    10 |       ||    44
       Chain mail        |       |    43 |   179 ||   222
Dodge: Dodged            |    22 |    81 |   118 ||   221
Block: Shield            |    58 |    76 |   201 ||   335
